 Dungeon Crawl Stone Soup version 0.29-a0-320-g9f8742066b (webtiles) character file.

Game seed: 17585035077780622319

119 sokol815 the Sneak (level 5, -2/40 HPs)
             Began as a Gnoll Wanderer on Apr 2, 2022.
             Was a Believer of Cheibriados.
             Slain by a black bear (5 damage)
             ... on level 3 of the Dungeon.
             The game lasted 00:05:10 (3060 turns).

sokol815 the Sneak (Gnoll Wanderer)                 Turns: 3060, Time: 00:05:10

Health: -2/40      AC: 10    Str: 17    XL:     5   Next: 3%
Magic:  9/9        EV:  7    Int: 18    God:    Cheibriados [**....]
Gold:   119        SH:  6    Dex: 16    Spells: 9/10 levels left

rFire   . . .      SeeInvis .   k - +0 hand axe
rCold   . . .      Faith    .   c - +0 buckler
rNeg    . . .      Spirit   .   i - +0 chain mail
rPois   .          Reflect  .   (no helmet)
rElec   .          Harm     .   (no cloak)
rCorr   .          Rampage  .   h - +1 pair of gloves
Will    .....                   (no boots)
Stlth   +.........              (no amulet)
HPRegen 0.13/turn               (no ring)
MPRegen 0.11/turn               (no ring)

@: very slow
A: fangs 1, strong nose, distributed training
a: Renounce Religion, Bend Time


You were on level 3 of the Dungeon.
You worshipped Cheibriados.
Cheibriados was pleased with you.
You visited 1 branch of the dungeon, and saw 3 of its levels.

You collected 119 gold pieces.

Inventory:

Hand Weapons
 a - a +2 dagger
 b - a +0 trident
   (You found it on level 2 of the Dungeon)
 k - a +0 hand axe (weapon)
   (You took it off an orc on level 3 of the Dungeon)
Missiles
 j - 7 poisoned darts
 s - 121 stones
Armour
 c - a +0 buckler (worn)
 e - a +0 robe
 h - a +1 pair of gloves (worn)
   (You found it on level 1 of the Dungeon)
 i - a +0 chain mail (worn)
   (You found it on level 1 of the Dungeon)
Potions
 d - 2 potions of heal wounds {unknown}
 f - a potion of lignification {unknown}
 g - a potion of resistance {unknown}
 l - a potion of cancellation {unknown}
 m - a potion of attraction {unknown}
 J - a potion of curing {@q1}
 M - a potion of magic
 T - 2 potions of berserk rage {!q}


   Skills:
 + Level 2.8 Fighting
 + Level 1.3 Short Blades
 + Level 1.3 Long Blades
 + Level 1.3 Axes
 + Level 1.3 Maces & Flails
 + Level 1.3 Polearms
 + Level 1.3 Staves
 + Level 1.3 Slings
 + Level 1.3 Bows
 + Level 1.3 Crossbows
 + Level 1.3 Throwing
 + Level 1.3 Armour
 + Level 1.3 Dodging
 + Level 7.9 Stealth
 + Level 6.6 Shields
 + Level 1.3 Unarmed Combat
 + Level 3.1 Spellcasting
 + Level 1.0 Conjurations
 + Level 2.3 Hexes
 + Level 1.0 Summonings
 + Level 1.0 Necromancy
 + Level 1.0 Translocations
 + Level 1.0 Transmutations
 + Level 1.0 Fire Magic
 + Level 1.0 Ice Magic
 + Level 1.0 Air Magic
 + Level 1.0 Earth Magic
 + Level 1.0 Poison Magic
 + Level 1.4 Invocations
 + Level 1.3 Evocations


You had 9 spell levels left.
You knew the following spells:

 Your Spells              Type           Power      Damage    Failure   Level
s - Slow                  Hex            44%        N/A       80%         1

Your spell library contained the following spells:

 Spells                   Type           Power      Damage    Failure   Level
 Blink                    Tloc           12%        N/A       98%         2
 Tukima's Dance           Hex            11%        N/A       99%         3
 Gell's Gravitas          Tloc           6%         N/A       100%        3
 Lesser Beckoning         Tloc           6%         N/A       100%        3
 Teleport Other           Tloc           6%         N/A       100%        3
 Manifold Assault         Tloc           6%         N/A       100%        5
 Dispersal                Tloc           3%         N/A       100%        6


Dungeon Overview and Level Annotations

Branches:
Dungeon (3/15)

Altars:
Cheibriados


Innate Abilities, Weirdness & Mutations

You have very sharp teeth.
Your uncanny sense of smell can sniff out nearby items.
Your experience applies equally to all skills.


Message History

The white imp gestures at you. The puff of frost hits you.
You take 1 damage, and have 30/34 hp.
You barely miss the white imp.
You bite the white imp, but do no damage.
The white imp hits you but does no damage.
You hit the white imp.
The white imp hits you but does no damage.
You closely miss the white imp. The white imp gestures at you.
The puff of frost hits you but does no damage.
You block the white imp's attack.
You hit the white imp but do no damage. Your bite misses the white imp.
The white imp completely misses you.
You hit the white imp but do no damage. The white imp closely misses you.
You hit the white imp.
You bite the white imp, but do no damage.
The white imp hits you but does no damage. x2
You hit the white imp.
You kill the white imp!
Cheibriados appreciates the change of pace.
Cheibriados raises the support of your attributes as your movement slows.
You have reached level 5!
You regained 6 hp, and now have 37/40 hp.
MP restored: 9 A black bear and a dart slug come into view.
The dart slug launches a dart at you.
The slug dart hits you but does no damage.
Health restored: 40 The dart slug launches a dart at you.
The slug dart hits you but does no damage.
The black bear bites you.
The black bear claws you but does no damage. x2
The dart slug launches a dart at you.
The slug dart hits you but does no damage.
You block the black bear's attack. x2; The black bear barely misses you.
You take 5 damage, and have 35/40 hp.
You barely miss the black bear. You hit the dart slug.
The black bear bites you.
The black bear claws you but does no damage.
The black bear closely misses you. The dart slug launches a dart at you.
You block the slug dart.
You take 5 damage, and have 30/40 hp.
You hit the dart slug. You hit the black bear.
The black bear bites you but does no damage.
The black bear claws you but does no damage. x2
The dart slug bites you but does no damage.
You hit the dart slug.
You kill the dart slug!
Cheibriados appreciates the change of pace.
You hit the black bear but do no damage.
The black bear bites you but does no damage.
The black bear claws you but does no damage.
The black bear claws you.
The black bear bites you but does no damage.
The black bear completely misses you. The black bear barely misses you.
You take 4 damage, and have 26/40 hp.
You hit the black bear. The black bear bites you.
The black bear claws you but does no damage. x2
You take 4 damage, and have 22/40 hp.
You are too injured to fight recklessly!
You are too injured to fight recklessly!
You are too injured to fight recklessly!
You closely miss the black bear.
The black bear bites you but does no damage.
The black bear claws you. The black bear barely misses you.
You take 1 damage, and have 21/40 hp.
You hit the black bear.
The black bear bites you but does no damage.
You block the black bear's attack. The black bear claws you.
You take 2 damage, and have 19/40 hp.
You hit the black bear. The black bear barely misses you.
The black bear claws you but does no damage.
The black bear closely misses you. The black bear barely misses you.
The black bear claws you.
The black bear claws you but does no damage.
You take 2 damage, and have 17/40 hp.
You hit the black bear but do no damage.
The black bear bites you but does no damage.
The black bear claws you but does no damage. x2
You hit the black bear. Your bite misses the black bear.
You block the black bear's attack. The black bear claws you.
The black bear closely misses you.
You take 1 damage, and have 16/40 hp.
You hit the black bear. Your bite misses the black bear.
The black bear goes berserk!
You hit the black bear. The black bear closely misses you.
The black bear barely misses you.
The black bear claws you but does no damage.
The black bear bites you but does no damage.
The black bear claws you.
The black bear claws you but does no damage.
You barely miss the black bear. The black bear bites you.
* * * LOW HITPOINT WARNING * * *
The black bear claws you but does no damage.
The black bear barely misses you. The black bear bites you!
* * * LOW HITPOINT WARNING * * *
The black bear claws you.
You die...

### ### #.h .... #.#
####.####
#.###.......###.#
#######..##.##.h@.....#
#...........##.##.#####
..####.....### #.# ###
##...####.##.#
#........##.# ##
##.########.# .# #.#
#.# .# ##+## ####.####
# ##...## #.......#


You could see a black bear (berserk).

Vanquished Creatures
  5 adders
  A white imp (D:3)
  3 dart slugs
  3 orcs (D:3)
  A ball python (D:3)
  An endoplasm (D:1)
  A giant cockroach (D:2)
  7 hobgoblins
  10 jackals (D:1)
  5 kobolds
  3 quokkas
  4 bats
  3 frilled lizards
  5 goblins
  3 rats (D:2)
55 creatures vanquished.

Notes
Turn   | Place    | Note
-------+----------+-------------------------------------------
     0 | D:1      | sokol815 the Gnoll Wanderer began the quest for the Orb.
     0 | D:1      | sokol815 set off with the following items: a +2 dagger, a
                  | +0 buckler, a +0 robe, a potion of curing {@q1}, a potion
                  | of berserk rage {!q}; and the following spell memorised:
                  | Slow; and the following spells available to memorise:
                  | Tukima's Dance
     0 | D:1      | Reached XP level 1. HP: 17/17 MP: 4/4
    93 | D:1      | Reached skill level 2 in Hexes
   102 | D:1      | Reached XP level 2. HP: 17/23 MP: 5/5
   338 | D:1      | HP: 4/23 [jackal (3)]
   341 | D:1      | HP: 1/23 [jackal (3)]
   990 | D:1      | Reached XP level 3. HP: 28/28 MP: 7/7
  1375 | D:2      | Reached skill level 1 in Invocations
  1511 | D:2      | Found a faded altar of an unknown god.
  1539 | D:2      | Prayed at the altar of an unknown god.
  1539 | D:2      | Became a worshipper of Cheibriados the Contemplative
  1539 | D:2      | Reached * piety under Cheibriados
  1630 | D:2      | Reached skill level 1 in Short Blades
  1630 | D:2      | Reached skill level 1 in Long Blades
  1630 | D:2      | Reached skill level 1 in Axes
  1630 | D:2      | Reached skill level 1 in Maces & Flails
  1630 | D:2      | Reached skill level 1 in Polearms
  1630 | D:2      | Reached skill level 1 in Staves
  1630 | D:2      | Reached skill level 1 in Slings
  1630 | D:2      | Reached skill level 1 in Bows
  1630 | D:2      | Reached skill level 1 in Crossbows
  1630 | D:2      | Reached skill level 1 in Throwing
  1630 | D:2      | Reached skill level 1 in Armour
  1630 | D:2      | Reached skill level 1 in Dodging
  1630 | D:2      | Reached skill level 1 in Unarmed Combat
  1630 | D:2      | Reached skill level 1 in Evocations
  1877 | D:2      | Reached XP level 4. HP: 34/34 MP: 8/8
  2186 | D:2      | Reached skill level 3 in Spellcasting
  2344 | D:2      | Reached ** piety under Cheibriados
  2415 | D:3      | Reached skill level 1 in Conjurations
  2415 | D:3      | Reached skill level 1 in Summonings
  2415 | D:3      | Reached skill level 1 in Necromancy
  2415 | D:3      | Reached skill level 1 in Translocations
  2415 | D:3      | Reached skill level 1 in Transmutations
  2415 | D:3      | Reached skill level 1 in Fire Magic
  2415 | D:3      | Reached skill level 1 in Ice Magic
  2415 | D:3      | Reached skill level 1 in Air Magic
  2415 | D:3      | Reached skill level 1 in Earth Magic
  2415 | D:3      | Reached skill level 1 in Poison Magic
  2981 | D:3      | Noticed a black bear
  3010 | D:3      | Reached XP level 5. HP: 37/40 MP: 9/9
  3060 | D:3      | HP: 3/40 [black bear (8)]
  3060 | D:3      | Slain by a black bear

Illustrated notes

Levels and vault maps discovered:
D:1:      minmay_arrival_stair_chambers, layout_loops_ring
D:2:      layout_basic, basic_ecumenical_altar, minmay_pentomino_o2
D:3:      layout_loops_corners

Skill      XL: |  1  2  3  4 |
---------------+-------------+-----
Hexes          | 2 |  2.3
Invocations    | 1 |  1.4
Short Blades   | 1 |  1.3
Long Blades    | 1 |  1.3
Axes           | 1 |  1.3
Maces & Flails | 1 |  1.3
Polearms       | 1 |  1.3
Staves         | 1 |  1.3
Slings         | 1 |  1.3
Bows           | 1 |  1.3
Crossbows      | 1 |  1.3
Throwing       | 1 |  1.3
Armour         | 1 |  1.3
Dodging        | 1 |  1.3
Unarmed Combat | 1 |  1.3
Evocations     | 1 |  1.3
Spellcasting   | 3 |  3.1
Conjurations   | 1 |  1.0
Summonings     | 1 |  1.0
Necromancy     | 1 |  1.0
Translocations | 1 |  1.0
Transmutations | 1 |  1.0
Fire Magic     | 1 |  1.0
Ice Magic      | 1 |  1.0
Air Magic      | 1 |  1.0
Earth Magic    | 1 |  1.0
Poison Magic   | 1 |  1.0
Fighting       | |  2.8
Stealth        | |  7.9
Shields        | |  6.6

Action                   |  1- 3 |  4- 6 || total
-------------------------+-------+-------++-------
Melee: Dagger            |   122 |    77 ||   199
       Bite              |    12 |    14 ||    26
       Hand axe          |       |    56 ||    56
Throw: Stone             |     3 |       ||     3
  Use: Scroll            |     3 |     1 ||     4
 Stab: Sleeping          |    10 |       ||    10
Armor: Robe              |     4 |       ||     4
       Chain mail        |    41 |    99 ||   140
Dodge: Dodged            |    29 |    42 ||    71
Block: Buckler           |    33 |    25 ||    58

Table legend: (Time is in decaauts)
 A = Elapsed time spent in this place.
 B = Non-inter-level travel time spent in this place.
 C = Inter-level travel time spent in this place.
 D = Time resting spent in this place.
 E = Time spent auto-exploring this place.
 F = Levels seen in this place.
 G = Mean time per level.
                   A        B        C        D        E       F      G
               +--------+--------+--------+--------+--------+-----+--------+
         Total |   3397 |   3322 |     75 |    605 |   2166 |   3 | 1132.3 |
       Dungeon |   3397 |   3322 |     75 |    605 |   2166 |   3 | 1132.3 |
               +--------+--------+--------+--------+--------+-----+--------+

Top non-repeatable levels by time:
     D:1: 1328 daAuts
     D:2: 1282 daAuts
     D:3: 785 daAuts

Table legend:
 A = Kills in this place as a percentage of kills in entire the game.
 B = Kills by you in this place as a percentage of kills by you in the entire game.
 C = Kills by friends in this place as a percentage of kills by friends in the entire game.
 D = Other kills in this place as a percentage of other kills in the entire game.
 E = Experience gained in this place as a percentage of experience gained in the entire game.
 F = Experience gained in this place divided by the number of levels of this place that you have seen.
                   A       B       C       D       E      F
               +-------+-------+-------+-------+-------+----------------------
         Total | 100.0 | 100.0 |   N/A |   N/A | 100.0 |  56.7
       Dungeon | 100.0 | 100.0 |   N/A |   N/A | 100.0 |  56.7
               +-------+-------+-------+-------+-------+----------------------
